 Dungeon Crawl Stone Soup version 0.26-a0-21-gf97e55dc39 (webtiles) character file.

Game seed: 3315681933536561255, levelgen mode: deterministic

2634 Aksej the Cleaver (level 9, -2/82 HPs)
             Began as a Minotaur Fighter on May 26, 2020.
             Was a Follower of Makhleb.
             Slain by a wight
             ... wielding a +2 spear of freezing
              (7 damage)
             ... on level 7 of the Dungeon.
             The game lasted 00:19:55 (6585 turns).

Aksej the Cleaver (Minotaur Fighter)                Turns: 6585, Time: 00:19:56

Health: -2/82      AC:  4    Str: 21    XL:     9   Next: 35%
Magic:  8/8        EV: 10    Int:  5    God:    Makhleb [*.....]
Gold:   281        SH: 12    Dex: 13    Spells: 8/8 levels left

rFire    + . .     SeeInvis .   a - +4 war axe
rCold    + . .     Gourm    .   c - +2 kite shield
rNeg     . . .     Faith    .   o - +1 ring mail {rF+}
rPois    .         Spirit   .   (helmet restricted)
rElec    .         Reflect  .   t - scarf {repulsion}
rCorr    .         Harm     .   (no gloves)
MR       ++...                  (no boots)
Stlth    +.........             j - amulet of magic regeneration
HPRegen  0.23/turn              k - ring of protection from magic
MPRegen  0.36/turn              i - ring of protection from cold

@: brilliant, hasted, heavily drained, repel missiles, very quick
A: retaliatory headbutt, horns 2, deformed body, magic resistance 1, wild magic
2
a: Renounce Religion


You were on level 7 of the Dungeon.
You worshipped Makhleb.
Makhleb was aware of your devotion.
You were not hungry.

You visited 2 branches of the dungeon, and saw 8 of its levels.

You collected 281 gold pieces.

Inventory:

Hand Weapons
 a - a +4 war axe (weapon)
Missiles
 r - 2 boomerangs (quivered)
Armour
 c - a +2 kite shield (worn)
 o - a +1 ring mail of fire resistance (worn)
 t - a scarf of repulsion (worn)
Jewellery
 i - a ring of protection from cold (right hand)
 j - an amulet of magic regeneration (around neck)
 k - a ring of protection from magic (left hand)
Wands
 b - a wand of digging (2)
 m - a wand of random effects (20)
Scrolls
 g - 3 scrolls of identify
 l - 2 scrolls of amnesia
 n - 2 scrolls of remove curse
 s - a scroll of teleportation
Potions
 d - 2 potions of brilliance
 e - a potion of resistance
 h - 2 potions of magic
 q - a potion of curing
Comestibles
 f - 6 rations


   Skills:
 * Level 8.6(6.8) Fighting
 + Level 9.7(7.9) Axes
 + Level 0.4(0.0) Throwing
 + Level 6.4(4.7) Armour
 + Level 4.0(2.4) Dodging
 + Level 6.8(5.1) Shields


You had 8 spell levels left.
You didn't know any spells.
Your spell library was empty.

Dungeon Overview and Level Annotations

Branches:
Dungeon (7/15)             Temple (1/1) D:6

Altars:
Ashenzari
Cheibriados
Dithmenos
Elyvilon
Fedhas
Hepliaklqana
Kikubaaqudgha
Makhleb
Nemelex Xobeh
Okawaru
Qazlal
Ru
Sif Muna
Trog
Uskayaw
Vehumet
Wu Jian
Yredelemnul
Zin
The Shining One
Lugonu


Innate Abilities, Weirdness & Mutations

You reflexively headbutt those who attack you in melee.
You have a pair of horns on your head.
Armour fits poorly on your strangely shaped body.
You are resistant to hostile enchantments. (MR+)
Your spells are harder to cast, but more powerful.


Message History

* * * LOW HITPOINT WARNING * * *
You feel drained.
* * * LOW HITPOINT WARNING * * *
You feel better. You block the wight's attack.
You feel yourself speed up.
The wight hits you with a +3 great sword!
* * * LOW HITPOINT WARNING * * *
You feel drained.
* * * LOW HITPOINT WARNING * * *
The wight barely misses you.
You hit the wight but do no damage. Your headbutt misses the wight.
The wight is severely damaged.
You block the wight's attack. The wight barely misses you.
You slash the wight!
You destroy the wight!
Makhleb accepts your kill.
You feel better.
Your base Dodging skill increases to level 4!
The wight hits you from afar with a +2 spear of freezing!
You die...

#.......#
#####.###
#.# #.# ###
#.# ....
#.# #....
#.#
#.....###.#
#....z)@..#
#....z#####
..... ####


You could see 2 wights.

Vanquished Creatures
  Pikel (D:5)
  Grinder (D:6)
  Duvessa (D:6)
  A hornet zombie (D:7)
  A slave (D:5)
  An ice beast (D:7)
  An ogre (D:6)
  3 sky beasts
  2 black bears (D:7)
  A centaur (D:6)
  Blork the orc (D:6)
  A bullfrog (D:6)
  Dowan (D:6)
  6 wights (D:7)
  2 crimson imps
  A centaur zombie (D:5)
  2 hounds
  A jelly (D:6)
  2 bullfrog skeletons (D:6)
  Jessica (D:3)
  An iguana (D:6)
  5 worker ants
  An orc wizard (D:6)
  2 hound zombies
  A hound skeleton (D:6)
  7 adders
  2 oozes
  An adder zombie (D:7)
  An adder skeleton (D:4)
  3 worms
  2 leopard geckos
  4 orcs
  3 bats
  2 giant cockroaches
  12 goblins
  10 hobgoblins
  8 jackals
  3 quokkas
  3 ball pythons
  5 frilled lizards
  9 kobolds
  3 rats
  2 demonic plants (Temple)
121 creatures vanquished.

Vanquished Creatures (others)
  A slave (D:5)
  A leopard gecko (D:5)
2 creatures vanquished.

Grand Total: 123 creatures vanquished

Notes
Turn   | Place    | Note
-------+----------+-------------------------------------------
     0 | D:1      | Aksej the Minotaur Fighter began the quest for the Orb.
     0 | D:1      | Reached XP level 1. HP: 19/19 MP: 0/0
   228 | D:1      | Reached XP level 2. HP: 26/27 MP: 1/1
   560 | D:1      | Found a glowing golden altar of the Shining One.
   832 | D:1      | Reached XP level 3. HP: 33/33 MP: 2/2
  1263 | D:2      | Reached skill level 3 in Axes
  1674 | D:2      | Reached XP level 4. HP: 41/41 MP: 3/3
  2020 | D:3      | Noticed Jessica
  2024 | D:3      | Killed Jessica
  2126 | D:3      | Reached skill level 4 in Axes
  2151 | D:3      | Reached skill level 1 in Dodging
  2151 | D:3      | Reached XP level 5. HP: 31/47 MP: 4/4
  2910 | D:3      | Gained mutation: Your spells are a little harder to cast,
                  | but a little more powerful. [potion of mutation]
  2910 | D:3      | Gained mutation: You are resistant to hostile enchantments.
                  | (MR+) [potion of mutation]
  2910 | D:3      | Gained mutation: Armour fits poorly on your strangely
                  | shaped body. [potion of mutation]
  2910 | D:3      | Gained mutation: Your spells are harder to cast, but more
                  | powerful. [potion of mutation]
  2989 | D:4      | Found a snail-covered altar of Cheibriados.
  2989 | D:4      | Found a shimmering blue altar of Sif Muna.
  2989 | D:4      | Found a burning altar of Makhleb.
  2989 | D:4      | Found a blossoming altar of Fedhas.
  2999 | D:4      | Became a worshipper of Makhleb the Destroyer
  3151 | D:4      | Reached skill level 5 in Fighting
  3511 | D:4      | Found a shattered altar of Ashenzari.
  3517 | D:4      | Found a sacrificial altar of Ru.
  3517 | D:4      | Found an iron altar of Okawaru.
  3519 | D:4      | Found a white marble altar of Elyvilon.
  3521 | D:4      | Found a hazy altar of Hepliaklqana.
  3615 | D:5      | Entered Level 5 of the Dungeon
  3615 | D:5      | Found a glowing silver altar of Zin.
  3644 | D:5      | Reached XP level 6. HP: 52/56 MP: 5/5
  3669 | D:5      | Noticed a slave
  3669 | D:5      | Noticed a slave
  3669 | D:5      | Noticed Pikel
  3669 | D:5      | Noticed a slave
  3670 | D:5      | Noticed a slave
  3676 | D:5      | Killed a slave
  3677 | D:5      | Killed Pikel
  3677 | D:5      | Reached skill level 6 in Axes
  3677 | D:5      | Reached skill level 5 in Armour
  3677 | D:5      | Reached skill level 5 in Shields
  3677 | D:5      | Reached XP level 7. HP: 25/63 MP: 6/6
  4726 | D:6      | Reached skill level 7 in Axes
  4726 | D:6      | Reached XP level 8. HP: 71/71 MP: 7/7
  4878 | D:6      | Found a staircase to the Ecumenical Temple.
  4887 | Temple   | Entered the Ecumenical Temple
  5159 | D:6      | Reached * piety under Makhleb
  5243 | D:6      | Noticed Dowan
  5245 | D:6      | Noticed Duvessa
  5251 | D:6      | Killed Dowan
  5263 | D:6      | Killed Duvessa
  5393 | D:6      | Noticed Blork the orc
  5400 | D:6      | Killed Blork the orc
  5400 | D:6      | Reached skill level 8 in Axes
  5465 | D:6      | Noticed Grinder
  5471 | D:6      | Killed Grinder
  5972 | D:6      | Reached skill level 9 in Axes
  6056 | D:7      | Reached XP level 9. HP: 81/81 MP: 8/8
  6137 | D:7      | Found a bloodstained altar of Trog.
  6583 | D:7      | HP: 3/82 [wight/+3 great sword (8)]
  6585 | D:7      | Slain by a wight

Illustrated notes

Levels and vault maps discovered:
D:1:      tarquinn_simple_flora_water_c, layout_basic, serial_corexii_hall,
          corexii_hall_statues_i, chequers_hall_statues_wall_a, tso_metal_star
D:2:      layout_loops_ring
D:3:      layout_basic, uniq_jessica
D:4:      layout_loops_ring, minitemple,
          chequers_temple_overflow_statue_of_worship, kennysheep_boxes
D:5:      layout_basic, zin_academy, first_ration, uniq_pikel
D:6:      layout_gridville, minmay_temple_entry_statues_fountains, uniq_duvessa,
          uniq_blork_the_orc, uniq_grinder
D:7:      layout_loops_corners, nicolae_overflow_hidden_temple,
          trog_ov_bears_minmay
Temple:   corrupted_temple

Skill      XL: |  1  2  3  4  5  6  7  8  9 |
---------------+----------------------------+-----
Fighting       | 4 5 6 8 |  8.6
Shields        | 4 5 6 |  6.8
Armour         | 4 5 6 |  6.4
Axes           | 3 4 6 7 9 |  9.7
Dodging        | 1 2 3 4 |  4.0
Throwing       | |  0.4

Action                   |  1- 3 |  4- 6 |  7- 9 || total
-------------------------+-------+-------+-------++-------
Melee: War axe           |    83 |    88 |   176 ||   347
       Headbutt          |    15 |    20 |    37 ||    72
Throw: Boomerang         |       |       |     3 ||     3
  Use: Scroll            |     9 |     6 |     5 ||    20
       Potion            |     4 |     4 |     3 ||    11
  Eat: Chunk             |     2 |     3 |     6 ||    11
       Ration            |       |     1 |     1 ||     2
Armor: Scale mail        |    29 |    15 |       ||    44
       Ring mail         |       |    12 |    26 ||    38
Dodge: Dodged            |    31 |    34 |    59 ||   124
       Repelled          |       |       |     1 ||     1
Block: Kite shield       |    44 |    58 |    97 ||   199

Table legend:
 A = Non-vault XP
 B = Vault XP
 C = Vault XP percentage of total XP
 D = Non-vault monster count
 E = Vault monster count
 F = Vault count percentage of total count
                 A         B        C        D         E       F
            +---------+---------+-------+---------+---------+-------
      Total |    2235 |    1528 |  40.6 |     110 |       8 |   6.8
            +---------+---------+-------+---------+---------+-------
        D:1 |      41 |       0 |   0.0 |      21 |       0 |   0.0
        D:2 |      65 |       0 |   0.0 |      18 |       0 |   0.0
        D:3 |     105 |      37 |  26.1 |      23 |       1 |   4.2
        D:4 |     129 |       0 |   0.0 |      10 |       0 |   0.0
        D:5 |     276 |     641 |  69.9 |       6 |       1 |  14.3
        D:6 |     880 |     605 |  40.7 |      20 |       4 |  16.7
        D:7 |     739 |     245 |  24.9 |      12 |       2 |  14.3
            +---------+---------+-------+---------+---------+-------
